[Event "Titled Tuesday Blitz July 25 Late 2023"]
[White "Troff, Kayden"]
[Black "Haydon, David L"]
[WhiteFideId "2047896"]
[BlackFideId "415405"]
[WhiteElo "2812"]
[BlackElo "2632"]
[Result "1/2-1/2"]
[Round "7"]
[TimeControl "180+2"]
[Date "2023.07.25"]
[WhiteClock "0:00:13"]
[BlackClock "0:00:13"]
[Board "29"]

1. d4 c6 2. Nf3 d5 3. Bf4 Nf6 4. e3 Bf5 5. Bd3 e6 6. O-O Bd6 7. Ne5 Qc7 8. Bg3 Nbd7 9. f4 Ne4 10. Bh4 f6 11. Nxd7 Qxd7 12. Nd2 Nxd2 13. Qxd2 O-O 14. c4 Rae8 15. Rac1 Bb8 16. Qc2 Bxd3 17. Qxd3 Kh8 18. b4 dxc4 19. Qxc4 e5 20. dxe5 fxe5 21. Rcd1 Qg4 22. Bg3 exf4 23. exf4 h5 24. Rd4 a6 25. Bf2 Rxf4 26. h3 Rxd4 27. Qxd4 Qxd4 28. Bxd4 Kg8 29. Rf5 Bg3 30. Bf2 Bxf2+ 31. Rxf2 Re1+ 32. Kh2 Re4 33. a3 Re3 34. Rd2 Rxa3 35. Rd8+ Kh7 36. Rb8 b5 37. Rb6 Ra4 38. Rxc6 Ra3 39. h4 g6 40. g3 Kh6 41. Kh3 Kg7 42. Rb6 Ra4 43. Rc6 Kf7 44. Kg2 Ra3 45. Rb6 Ra2+ 46. Kf3 Rb2 47. Rxa6 Rxb4 48. Rb6 Rb3+ 49. Kf4 b4 50. Rb7+ Ke6 51. Rb6+ Kf7 52. Rb5 Kf6 53. Rb7 Ke6 54. Rb8 Kf6 55. Rb6+ Kg7 56. Rb5 Kh6 57. Rb7 Rb1 58. Kf3 b3 59. Kg2 b2 60. Kh2 Rc1 61. Rxb2 Rc8 62. Kg2 Rd8 63. Kf3 Rc8 64. Rf2 Rf8+ 65. Kg2 Rxf2+ 66. Kxf2 g5 67. Kf3 gxh4 68. gxh4 Kg6 69. Ke4 Kf6 70. Kf4 Kg6 71. Ke5 Kh7 72. Kf5 Kg7 73. Kg5 Kh7 74. Kxh5 Kg7 1/2-1/2


[Site "https://www.chess.com"]

[Event "Titled Tuesday Blitz July 25 Late 2023"]
[White "Omelja, Artem"]
[Black "Khanin, Semen"]
[WhiteFideId "14119846"]
[BlackFideId "4111990"]
[WhiteElo "2631"]
[BlackElo "2808"]
[Result "1-0"]
[Round "7"]
[TimeControl "180+2"]
[Date "2023.07.25"]
[WhiteClock "0:00:08"]
[BlackClock "0:00:00"]
[Board "30"]

1. d4 Nf6 2. c4 e6 3. Nf3 d5 4. cxd5 exd5 5. Nc3 Be7 6. Bg5 c6 7. Qc2 h6 8. Bh4 g6 9. e3 Kf8 10. Bd3 Kg7 11. O-O Re8 12. Rab1 Ne4 13. Bxe7 Qxe7 14. Bxe4 dxe4 15. Nd2 Bf5 16. b4 Nd7 17. Rfc1 h5 18. b5 c5 19. dxc5 Qxc5 20. Qb2 Qe5 21. Ne2 Rac8 22. Nd4 Nb6 23. Rxc8 Bxc8 24. Rc1 h4 25. h3 Bd7 26. Nc4 Nxc4 27. Rxc4 Kg8 28. a4 g5 29. Qc2 g4 30. Rc5 Qg7 31. hxg4 Bxg4 32. Kh2 Re5 33. Qc3 h3 34. Rxe5 Qxe5+ 35. g3 Qf6 36. Qc2 Kg7 37. Qd2 a6 38. Qc2 axb5 39. axb5 Qe5 40. Kg1 Bh5 41. Qc3 Qf6 42. Qc2 Bg6 43. Kh2 Kh7 44. Kxh3 Bh5 45. Kg2 Bg6 46. Kg1 Qe5 47. Qc4 Qg5 48. Qc3 Qh5 49. Qc2 Qg4 50. Qe2 Qd7 51. Qc2 Qd5 52. Qb3 Qh5 53. Qb1 Qc5 54. Qf1 Qc3 55. Qh3+ Kg7 56. Qg4 Qc1+ 57. Kg2 Qc5 58. Qf4 Qh5 59. g4 Qc5 60. Nf5+ Bxf5 61. Qg5+ Kf8 62. Qxf5 Qc4 63. Qe5 Kg8 64. Kg3 b6 65. Qg5+ Kf8 66. Qd8+ Kg7 67. Qxb6 Qf1 68. Qd4+ f6 69. Qxe4 Qg1+ 70. Qg2 Qb1 71. Qc6 Qg1+ 72. Kf3 Qh1+ 73. Ke2 Qb1 74. b6 Qb2+ 75. Kf1 Qb1+ 76. Kg2 Kg6 77. b7 Kg5 78. Qd5+ Kxg4 79. Qf3+ Kg5 80. Qg3+ Kh5 81. b8=Q Qe4+ 82. Qf3+ 1-0


[Site "https://www.chess.com"]

[Event "Titled Tuesday Blitz July 25 Late 2023"]
[White "Oro, Faustino"]
[Black "musclemonster12"]
[WhiteFideId "20000197"]
[WhiteElo "2789"]
[BlackElo "2626"]
[Result "0-1"]
[Round "7"]
[TimeControl "180+2"]
[Date "2023.07.25"]
[WhiteClock "0:00:01"]
[BlackClock "0:00:10"]
[Board "31"]

1. d4 Nf6 2. c4 e6 3. Nf3 Bb4+ 4. Nbd2 O-O 5. a3 Bxd2+ 6. Qxd2 b6 7. e3 Bb7 8. Be2 d5 9. Qc2 Nbd7 10. O-O c5 11. Rd1 cxd4 12. Nxd4 Rc8 13. Nb5 Ba6 14. Nd6 Rc6 15. c5 Bxe2 16. Qxe2 Nxc5 17. Nb5 Nb3 18. Rb1 Qd7 19. Nc3 Rfc8 20. Bd2 Nxd2 21. Rxd2 Qb7 22. f3 Rc4 23. Rbd1 h6 24. h3 Qc6 25. Qf2 a5 26. Ne2 b5 27. b3 Rc5 28. Nd4 Qb6 29. Qe2 b4 30. a4 Ne8 31. Kh1 Nd6 32. e4 e5 33. Nc2 d4 34. Ne1 f6 35. Nd3 Rc3 36. f4 Nf7 37. fxe5 fxe5 38. Rf1 Rxb3 39. Qh5 Qe6 40. Nf2 Rbc3 41. Kh2 Rc2 42. Rdd1 b3 43. Ng4 b2 44. Qh4 Qg6 45. Rb1 Re2 46. Nf2 Rcc2 47. g4 Ng5 48. Kh1 Nf3 49. Qg3 Ng5 50. Qd3 Rxf2 51. Rxf2 Rxf2 52. Qxd4 exd4 0-1


[Site "https://www.chess.com"]

[Event "Titled Tuesday Blitz July 25 Late 2023"]
[White "Mahdavi, Reza"]
[Black "Salik, Serkan"]
[WhiteFideId "12595926"]
[BlackFideId "30952492"]
[WhiteElo "2783"]
[BlackElo "2615"]
[Result "1-0"]
[Round "7"]
[TimeControl "180+2"]
[Date "2023.07.25"]
[WhiteClock "0:00:09"]
[BlackClock "0:00:03"]
[Board "32"]

1. e4 e5 2. Nf3 Nc6 3. Nc3 Nf6 4. d4 exd4 5. Nxd4 Bb4 6. Nxc6 bxc6 7. Bd3 d5 8. Bd2 O-O 9. O-O Re8 10. Nxd5 Nxd5 11. exd5 Bxd2 12. Qxd2 cxd5 13. Rfe1 Rxe1+ 14. Rxe1 Be6 15. Qc3 Qd6 16. b4 Rb8 17. b5 g6 18. a4 Rc8 19. Qd4 Qb6 20. Qf6 c5 21. h4 Qd8 22. Rxe6 fxe6 23. Qxe6+ Kg7 24. h5 gxh5 25. Qf5 c4 26. Qxh7+ Kf6 27. Qh6+ Ke5 28. Be2 Qf6 29. Qe3+ Kd6 30. Qxa7 Re8 31. Qb6+ Ke7 32. Qc5+ Qd6 33. Qd4 Kd8 34. Bf1 Re5 35. Bxc4 Re1+ 36. Bf1 Qe5 37. Qh4+ Kc7 38. b6+ Kxb6 39. Qb4+ Ka7 40. Qa5+ Kb8 41. Qb5+ Kc8 42. a5 Qa1 43. a6 Kc7 44. g3 Kd6 45. Kg2 Qe5 46. a7 Qe4+ 47. Kg1 d4 48. Qb4+ Kd7 49. Qxe1 Qxe1 50. a8=Q Qe5 51. Qa7+ Kc8 52. Qa6+ Kd8 53. Qh6 Kc8 54. Bd3 Kb8 55. Kg2 Ka8 56. Qf4 Qd5+ 57. Be4 1-0


[Site "https://www.chess.com"]

[Event "Titled Tuesday Blitz July 25 Late 2023"]
[White "Pulpan, Jakub"]
[Black "Sivakumar, Shaashwath"]
[WhiteFideId "302759"]
[BlackFideId "30912156"]
[WhiteElo "2782"]
[BlackElo "2611"]
[Result "1-0"]
[Round "7"]
[TimeControl "180+2"]
[Date "2023.07.25"]
[WhiteClock "0:00:11"]
[BlackClock "0:00:06"]
[Board "33"]

1. Nf3 d5 2. b3 Nf6 3. Bb2 Bf5 4. Nh4 Bg4 5. h3 Bh5 6. g4 Bg6 7. Nxg6 hxg6 8. Bg2 e5 9. d3 Nbd7 10. Nd2 c6 11. e3 Bd6 12. Qe2 Qe7 13. c4 a5 14. a3 b5 15. cxb5 cxb5 16. g5 Nh5 17. Bxd5 Rc8 18. Ne4 Nc5 19. h4 O-O 20. O-O Kh7 21. Rfc1 Nxe4 22. dxe4 Rxc1+ 23. Bxc1 f6 24. Qg4 fxg5 25. hxg5 Qd8 26. Bd2 Be7 27. Kg2 Bxg5 28. Rc1 Bh4 29. f3 Be7 30. Rc6 Rf6 31. Rc8 Qb6 32. Qd7 Qd6 33. Qxd6 Bxd6 34. a4 bxa4 35. bxa4 Ba3 36. Bxa5 Ra6 37. Bc3 Bd6 38. a5 Nf6 39. Bb7 Ra7 40. a6 Nd7 41. Rd8 Nc5 42. Rxd6 Nxb7 43. axb7 Rxb7 44. Bxe5 Rb5 45. f4 Kg8 46. Rd7 Rb1 47. Rxg7+ Kf8 48. Rxg6 Kf7 49. Rf6+ Kg8 50. Kf3 Kh7 51. Kg4 Rg1+ 52. Kf5 Rg6 53. Rf7+ Kh6 54. Rf6 Kh7 55. Bd6 Rg1 56. e5 Kh8 57. e6 Rg7 58. Be5 Kh7 59. Rf7 Kh8 60. Bxg7+ Kg8 61. Bh6 Kh8 62. e7 Kg8 63. e8=Q# 1-0


[Site "https://www.chess.com"]

[Event "Titled Tuesday Blitz July 25 Late 2023"]
[White "Nenezic, Marko"]
[Black "Piesik, Piotr"]
[WhiteFideId "912123"]
[BlackFideId "1136194"]
[WhiteElo "2773"]
[BlackElo "2606"]
[Result "1-0"]
[Round "7"]
[TimeControl "180+2"]
[Date "2023.07.25"]
[WhiteClock "0:00:13"]
[BlackClock "0:00:12"]
[Board "34"]

1. d4 c5 2. d5 e5 3. Nc3 d6 4. e4 Be7 5. Bb5+ Nd7 6. a4 Bg5 7. Nf3 Bxc1 8. Qxc1 Ne7 9. O-O O-O 10. a5 a6 11. Bd3 h6 12. Nd2 Ng6 13. Nc4 Nf6 14. Re1 Ne8 15. Nb6 Rb8 16. g3 Bh3 17. Qd1 Qg5 18. Kh1 Nc7 19. Bf1 Bxf1 20. Rxf1 Rbd8 21. Qe2 f5 22. exf5 Qxf5 23. Rad1 Ne7 24. Ne4 Ne8 25. Nc4 Qg6 26. f3 Nf5 27. c3 h5 28. Rg1 Nf6 29. Nxf6+ Qxf6 30. Nd2 Ne7 31. Rgf1 h4 32. Ne4 Qh6 33. Kg2 Rf5 34. b4 cxb4 35. cxb4 Rc8 36. Rf2 Rff8 37. b5 Nf5 38. Rd3 h3+ 39. Kg1 Rc1+ 40. Rf1 Rfc8 41. Rdd1 Nd4 42. Qd3 R8c2 43. bxa6 Rg2+ 44. Kh1 Rcc2 45. Rf2 Rgxf2 46. Nxf2 bxa6 47. Ne4 Rc1 48. f4 Rxd1+ 49. Qxd1 Qg6 50. Qd3 Qf5 51. Kg1 Nb5 52. Nc5 Qc8 53. Nb3 exf4 54. Kf2 Qg4 55. Qf3 fxg3+ 56. Qxg3 Qb4 57. Qxh3 Qf4+ 58. Kg2 Qe4+ 59. Qf3 Qc2+ 60. Kg3 Nc3 61. Nd4 Ne4+ 62. Kf4 Nf6 63. Nxc2 1-0


[Site "https://www.chess.com"]

[Event "Titled Tuesday Blitz July 25 Late 2023"]
[White "Barria Santos, Jose Guilherme"]
[Black "Hambleton, Aman"]
[WhiteFideId "1939300"]
[BlackFideId "2606577"]
[WhiteElo "2602"]
[BlackElo "2769"]
[Result "1-0"]
[Round "7"]
[TimeControl "180+2"]
[Date "2023.07.25"]
[WhiteClock "0:00:52"]
[BlackClock "0:00:00"]
[Board "35"]

1. e4 b6 2. d4 Bb7 3. Bd3 e6 4. Qe2 d5 5. c3 dxe4 6. Bxe4 Bxe4 7. Qxe4 Qd5 8. Qxd5 exd5 9. Nf3 Bd6 10. O-O f6 11. Re1+ Kd7 12. a4 Nc6 13. Nbd2 Nge7 14. b4 h5 15. a5 a6 16. axb6 cxb6 17. Nb3 Nf5 18. Bd2 a5 19. bxa5 bxa5 20. Ra4 Rhb8 21. Nc1 g5 22. Rd1 Rb1 23. Rf1 Rab8 24. Nd3 g4 25. Rxb1 Rxb1+ 26. Nfe1 Rd1 27. Bc1 h4 28. Kf1 g3 29. hxg3 hxg3 30. f3 Rxc1 31. Nxc1 Ne3+ 32. Ke2 Nc4 33. Ncd3 Nb6 34. Ra2 a4 35. Nc2 Na5 36. Nc5+ 1-0


[Site "https://www.chess.com"]

[Event "Titled Tuesday Blitz July 25 Late 2023"]
[White "Medina Paz, Miguel"]
[Black "Elsa167"]
[WhiteFideId "7300379"]
[WhiteElo "2601"]
[BlackElo "2767"]
[Result "0-1"]
[Round "7"]
[TimeControl "180+2"]
[Date "2023.07.25"]
[WhiteClock "0:01:09"]
[BlackClock "0:00:11"]
[Board "36"]

1. e4 e6 2. d4 d5 3. e5 c5 4. Nf3 Nc6 5. Bd3 cxd4 6. O-O Nge7 7. Bf4 Ng6 8. Bg3 f5 9. h4 Bd7 10. h5 Nge7 11. c3 dxc3 12. Nxc3 Nc8 13. Nb5 Be7 14. Re1 O-O 15. Rc1 a6 16. Nd6 f4 17. Bh2 Nxd6 18. exd6 Bxd6 19. Qc2 h6 20. Bh7+ Kh8 21. Bg6 e5 22. Qb3 d4 23. Qxb7 Rb8 24. Qxa6 Rb6 25. Qd3 Rxb2 26. Qe4 Qb6 27. Nh4 d3 28. Rf1 d2 29. Rcd1 Be7 30. Nf5 Bxf5 31. Bxf5 Rxa2 32. Be6 Rb2 33. Bc4 Rb4 34. Rxd2 Qc5 35. Rc2 Na5 36. Rfc1 Rc8 37. Bd3 Rxe4 38. Rxc5 Rxc5 39. Rxc5 Re1+ 0-1


[Site "https://www.chess.com"]

[Event "Titled Tuesday Blitz July 25 Late 2023"]
[White "Hajiyev, Kanan"]
[Black "Tristan, Leonardo"]
[WhiteFideId "13404148"]
[BlackFideId "113816"]
[WhiteElo "2589"]
[BlackElo "2757"]
[Result "0-1"]
[Round "7"]
[TimeControl "180+2"]
[Date "2023.07.25"]
[WhiteClock "0:00:00"]
[BlackClock "0:00:32"]
[Board "37"]

1. d4 d5 2. Nf3 Nf6 3. c4 e6 4. cxd5 exd5 5. Nc3 h6 6. Bf4 Bd6 7. Bxd6 Qxd6 8. e3 O-O 9. Bd3 Bg4 10. h3 Bxf3 11. Qxf3 Nbd7 12. O-O c6 13. Rab1 a5 14. Ne2 Rfe8 15. Ng3 a4 16. Nf5 Qf8 17. Qg3 g6 18. Nd6 Reb8 19. e4 dxe4 20. Nxe4 Nxe4 21. Bxe4 Nf6 22. Bf3 Rd8 23. Rbd1 Qd6 24. Qe5 Rd7 25. a3 Kg7 26. Rfe1 h5 27. g4 hxg4 28. hxg4 Re8 29. g5 Rxe5 30. dxe5 Qc7 31. gxf6+ Kh6 32. Kg2 Rxd1 33. Bxd1 Qd7 34. Kg3 Qd2 35. Rh1+ Kg5 0-1


[Site "https://www.chess.com"]

[Event "Titled Tuesday Blitz July 25 Late 2023"]
[White "Bolourchifard, Farzad"]
[Black "Cappelletto, Joshuaede"]
[WhiteFideId "12510084"]
[BlackFideId "2824383"]
[WhiteElo "2755"]
[BlackElo "2581"]
[Result "0-1"]
[Round "7"]
[TimeControl "180+2"]
[Date "2023.07.25"]
[WhiteClock "0:00:06"]
[BlackClock "0:00:53"]
[Board "38"]

1. d4 Nf6 2. Nf3 c5 3. d5 e6 4. Nc3 d6 5. Bg5 Be7 6. e4 O-O 7. Bc4 exd5 8. Bxd5 Nxd5 9. Qxd5 Be6 10. Bxe7 Qxe7 11. Qg5 f6 12. Qd2 Nc6 13. O-O Rad8 14. Rad1 a6 15. Nd5 Qf7 16. c3 Ne7 17. c4 Nxd5 18. exd5 Bg4 19. Qf4 Qh5 20. Rde1 Bxf3 21. gxf3 Qg5+ 22. Qxg5 fxg5 23. Re7 b5 24. cxb5 axb5 25. Rb7 b4 26. Re1 Rde8 27. Re6 Rxe6 28. dxe6 Re8 29. e7 Kf7 30. a4 bxa3 31. bxa3 Rxe7 32. Rb6 Ke6 33. Kf1 Ra7 34. Rb3 d5 35. Ke2 d4 36. f4 gxf4 37. Rh3 g6 38. a4 Kd5 39. Ra3 Ra5 40. Kd2 c4 41. Ra1 Kc5 42. Ke2 Kb4 43. Kf3 Rxa4 44. Rb1+ Kc3 45. Kxf4 Ra2 46. Rf1 d3 47. Kg5 d2 48. Kh6 Ra7 49. f4 Kd3 50. h4 c3 51. f5 gxf5 52. h5 c2 53. Rf3+ Ke2 54. Rg3 d1=Q 55. Rg1 Ra6+ 56. Rg6 hxg6 0-1


[Site "https://www.chess.com"]

[Event "Titled Tuesday Blitz July 25 Late 2023"]
[White "Tanenbaum, Zachary"]
[Black "Pham, Le Thao Nguyen"]
[WhiteFideId "2060850"]
[BlackFideId "12401226"]
[WhiteElo "2745"]
[BlackElo "2578"]
[Result "1-0"]
[Round "7"]
[TimeControl "180+2"]
[Date "2023.07.25"]
[WhiteClock "0:00:03"]
[BlackClock "0:00:00"]
[Board "39"]

1. e4 c6 2. d4 d5 3. exd5 cxd5 4. Bd3 Nc6 5. c3 Qc7 6. h3 g6 7. Qc2 f6 8. Ne2 e5 9. dxe5 fxe5 10. O-O Bg7 11. Bg5 Nge7 12. Nd2 O-O 13. Bh4 Nf5 14. Bxf5 Bxf5 15. Qb3 Be6 16. Nf3 h6 17. Bg3 Rae8 18. Ned4 Bf7 19. Rfe1 Na5 20. Qb4 Nc4 21. Nb5 Qb6 22. b3 a5 23. Qa4 Nb2 24. Qa3 Nd3 25. Nd6 Nxe1 26. Rxe1 Re6 27. Nxf7 Rxf7 28. Nxe5 Bxe5 29. Rxe5 Rxe5 30. Bxe5 Qxf2+ 31. Kh2 Qf5 32. Qd6 Rd7 33. Qb8+ Kf7 34. Qh8 Re7 35. Bd6 Re8 36. Qxh6 Qh5 37. Qf4+ Qf5 38. Qh6 Kg8 39. Bc5 Re2 40. Bd4 Kf7 41. Qg7+ Ke6 42. Qg8+ Kd7 43. Qg7+ Re7 44. Qh6 Rf7 45. Be3 Qe4 46. Qg5 Kc6 47. Kh1 Rf1+ 48. Kh2 Rf7 49. Kg1 Re7 50. Bd4 Re6 51. Qd8 1-0


[Site "https://www.chess.com"]

[Event "Titled Tuesday Blitz July 25 Late 2023"]
[White "Ozates, Tuna"]
[Black "Schnaider, Ilan"]
[WhiteFideId "6354521"]
[BlackFideId "169013"]
[WhiteElo "2578"]
[BlackElo "2744"]
[Result "1-0"]
[Round "7"]
[TimeControl "180+2"]
[Date "2023.07.25"]
[WhiteClock "0:00:10"]
[BlackClock "0:00:01"]
[Board "40"]

1. e4 c5 2. Nf3 d6 3. c3 Nf6 4. h3 Nc6 5. Bd3 e6 6. Bc2 d5 7. e5 Nd7 8. d4 Qb6 9. a3 a5 10. O-O Be7 11. Ra2 f6 12. exf6 Nxf6 13. Re1 O-O 14. Be3 Bd7 15. Nbd2 Rae8 16. Nb3 c4 17. Nc5 Bxc5 18. dxc5 Qc7 19. Nd4 Nxd4 20. cxd4 e5 21. b4 axb4 22. axb4 Qc8 23. dxe5 Rxe5 24. Bd4 Rxe1+ 25. Qxe1 Re8 26. Qd2 Qc6 27. Ra3 Ne4 28. Bxe4 dxe4 29. Rg3 g6 30. Bc3 e3 31. Rxe3 Rxe3 32. Qxe3 Qd5 33. Qe7 Qf7 34. Qd8+ Qe8 35. Qf6 Qf8 36. Qh8+ Kf7 37. Qxh7+ Ke6 38. Qxg6+ Kd5 39. f3 Be6 40. Qe4# 1-0


[Site "https://www.chess.com"]

[Event "Titled Tuesday Blitz July 25 Late 2023"]
[White "Vovk, Orest"]
[Black "Remizov, Yaroslav"]
[WhiteFideId "14113490"]
[BlackFideId "34134015"]
[WhiteElo "2571"]
[BlackElo "2743"]
[Result "0-1"]
[Round "7"]
[TimeControl "180+2"]
[Date "2023.07.25"]
[WhiteClock "0:02:09"]
[BlackClock "0:02:12"]
[Board "41"]

1. g4 d5 2. h3 h5 3. g5 e5 4. Bg2 Nc6 5. c4 dxc4 6. Bxc6+ bxc6 7. Qa4 Bd6 8. Nc3 Ne7 9. Qxc4 O-O 10. d3 Rb8 11. a3 Be6 12. Qh4 g6 13. Ne4 Nf5 14. Nf6+ Qxf6 15. gxf6 Nxh4 16. e4 Ng2+ 17. Ke2 Nf4+ 18. Bxf4 exf4 19. Nf3 Rxb2+ 0-1


[Site "https://www.chess.com"]

[Event "Titled Tuesday Blitz July 25 Late 2023"]
[White "Matinian, Nikita"]
[Black "Principe, Alexander"]
[WhiteFideId "24129100"]
[BlackFideId "3804542"]
[WhiteElo "2742"]
[BlackElo "2553"]
[Result "0-1"]
[Round "7"]
[TimeControl "180+2"]
[Date "2023.07.25"]
[WhiteClock "0:00:00"]
[BlackClock "0:00:06"]
[Board "42"]

1. e4 e6 2. d4 d5 3. Nc3 Bb4 4. e5 c5 5. a3 Bxc3+ 6. bxc3 Ne7 7. h4 Qa5 8. Bd2 Bd7 9. h5 h6 10. Qg4 Kf8 11. Rh3 Qa4 12. Bd3 c4 13. Rg3 Rg8 14. Bh7 Nf5 15. Bxg8 Nxg3 16. Qxg3 Qxc2 17. Rc1 Qe4+ 18. Ne2 Kxg8 19. Bxh6 g6 20. hxg6 Qxg6 21. Bg5 Ba4 22. Nf4 Qh7 23. Be7+ Qg7 24. Qh4 Nd7 25. Kd2 Qh7 26. Qxh7+ Kxh7 27. Rh1+ Kg7 28. Rh3 Rg8 29. Nh5+ Kg6 30. g4 Re8 31. Bd6 Kg5 32. Rg3 Kg6 33. f4 f5 34. exf6 Nxf6 35. Nxf6 Kxf6 36. Be5+ Kg6 37. Rh3 Re7 38. Rh8 Rh7 39. Rg8+ Kf7 40. Rc8 Rh2+ 41. Ke3 Rh3+ 42. Kf2 Rxc3 43. f5 exf5 44. gxf5 Bd1 45. Rc7+ Ke8 46. f6 Rf3+ 47. Ke1 Ba4 48. Re7+ Kd8 49. Rxb7 c3 50. Rb8+ Kd7 51. Rb7+ Ke6 52. Re7+ Kf5 53. f7 Kg4 54. Rc7 c2 55. Kd2 Rf2+ 56. Ke3 Rf3+ 57. Ke2 Bb5+ 58. Kd2 Rf2+ 59. Kc1 Bd3 60. Kb2 Bg6 61. f8=Q Rxf8 62. Rg7 Kh5 63. Rc7 Rf1 64. Kb3 Rb1+ 65. Ka2 c1=Q 0-1


[Site "https://www.chess.com"]

[Event "Titled Tuesday Blitz July 25 Late 2023"]
[White "Yanchenko, Roman"]
[Black "Przybylski, Wojciech"]
[WhiteFideId "4137329"]
[BlackFideId "1117599"]
[WhiteElo "2737"]
[BlackElo "2553"]
[Result "1-0"]
[Round "7"]
[TimeControl "180+2"]
[Date "2023.07.25"]
[WhiteClock "0:00:28"]
[BlackClock "0:00:05"]
[Board "43"]

1. d4 Nf6 2. Nf3 e6 3. c4 b6 4. g3 Ba6 5. b3 Bb4+ 6. Bd2 Be7 7. Bg2 O-O 8. O-O d5 9. Qc2 c6 10. Rd1 Bb7 11. Bg5 Ne4 12. Bxe7 Qxe7 13. Nc3 f5 14. Ne5 Nd7 15. Nd3 Rac8 16. Rac1 Kh8 17. f3 Nd6 18. cxd5 cxd5 19. Qd2 Ba6 20. Nb4 Bb7 21. h4 f4 22. gxf4 Qxh4 23. Nd3 Nf5 24. e3 Rf6 25. Qf2 Rg6 26. Qxh4 Nxh4 27. Ne1 Ba6 28. Kf2 Nf6 29. Bh3 Nf5 30. Ng2 Rh6 31. Bg4 Rh2 32. Bxf5 exf5 33. Kg3 Rh6 34. Nh4 Nh5+ 35. Kf2 Nxf4 36. exf4 Rxh4 37. Kg3 Rh6 38. Nxd5 Rf8 39. Rc7 Rd6 40. Ne3 Be2 41. Rd2 Bb5 42. Rxa7 h6 43. d5 Bd7 44. Nc4 Rg6+ 45. Kf2 Bb5 46. Ne5 Rd6 47. a4 Be8 48. Nc4 Rg6 49. Ra8 Kg8 50. d6 Bc6 51. Rxf8+ Kxf8 52. Ne5 Be8 53. Nxg6+ Kf7 54. Ne5+ Ke6 55. d7 Bxd7 56. Nxd7 g5 57. Nxb6 gxf4 58. Nc4 Kf6 59. a5 Kg5 60. a6 Kh4 61. a7 Kh3 62. a8=Q h5 63. Qg8 h4 64. Qg2# 1-0


[Site "https://www.chess.com"]

[Event "Titled Tuesday Blitz July 25 Late 2023"]
[White "Karamsetty, Jeevan"]
[Black "Korchmar, Vasiliy"]
[WhiteFideId "2025337"]
[BlackFideId "24131750"]
[WhiteElo "2544"]
[BlackElo "2696"]
[Result "0-1"]
[Round "7"]
[TimeControl "180+2"]
[Date "2023.07.25"]
[WhiteClock "0:00:00"]
[BlackClock "0:00:26"]
[Board "44"]

1. e4 c5 2. Nc3 d6 3. f4 Nc6 4. Nf3 g6 5. Bc4 Bg7 6. O-O Nd4 7. d3 Nf6 8. e5 Nh5 9. Nxd4 cxd4 10. Ne4 O-O 11. Bb3 dxe5 12. fxe5 Bxe5 13. Bh6 Bg7 14. Qd2 Nf6 15. Bxg7 Kxg7 16. Nxf6 exf6 17. Rf4 Be6 18. Raf1 Bxb3 19. axb3 f5 20. R1f3 Rc8 21. Rh3 h5 22. Qf2 Re8 23. Rg3 h4 24. Rgf3 Qf6 25. h3 Re5 26. Rxd4 Rce8 27. Qxh4 g5 28. Qf2 Re2 0-1


[Site "https://www.chess.com"]

[Event "Titled Tuesday Blitz July 25 Late 2023"]
[White "Kochiev, Ivan"]
[Black "Adewumi, Tanitoluwa"]
[WhiteFideId "2917890"]
[BlackFideId "30966396"]
[WhiteElo "2542"]
[BlackElo "2696"]
[Result "1-0"]
[Round "7"]
[TimeControl "180+2"]
[Date "2023.07.25"]
[WhiteClock "0:00:11"]
[BlackClock "0:00:25"]
[Board "45"]

1. e4 c5 2. Nf3 e6 3. d4 cxd4 4. Nxd4 a6 5. c4 Nf6 6. Nc3 Nc6 7. Nxc6 dxc6 8. Qxd8+ Kxd8 9. e5 Nd7 10. f4 f6 11. exf6 gxf6 12. Be3 Bc5 13. Kf2 Ke7 14. Rd1 Bxe3+ 15. Kxe3 b5 16. Be2 Bb7 17. Ne4 c5 18. Rxd7+ Kxd7 19. Nxc5+ Kc6 20. Nxb7 Kxb7 21. Bf3+ Kc7 22. Bxa8 Rxa8 23. a3 bxc4 24. Rc1 Rb8 25. Rxc4+ Kd6 26. b4 a5 27. Kd4 axb4 28. axb4 h5 29. Kc3 Rg8 30. g3 h4 31. gxh4 Rg2 32. b5 Rxh2 33. b6 Rh3+ 34. Kb4 Rh1 35. Ka4 Ra1+ 36. Kb5 Ra8 37. b7 Rb8 38. Kb6 Kd7 39. Ka7 Rg8 40. b8=Q Rxb8 41. Kxb8 Kd6 42. h5 Kd5 43. Rc1 Ke4 44. Rf1 Kf5 45. Kc7 e5 46. fxe5+ Kxe5 47. h6 f5 48. h7 Kf6 49. h8=Q+ Kg6 50. Rg1+ Kf7 51. Qh6 Ke7 52. Rg7+ Ke8 53. Qh8# 1-0


[Site "https://www.chess.com"]

[Event "Titled Tuesday Blitz July 25 Late 2023"]
[White "Dimitrov, Atanas"]
[Black "Deng, Henry"]
[WhiteFideId "2901315"]
[BlackFideId "30965454"]
[WhiteElo "2695"]
[BlackElo "2541"]
[Result "1/2-1/2"]
[Round "7"]
[TimeControl "180+2"]
[Date "2023.07.25"]
[WhiteClock "0:01:26"]
[BlackClock "0:02:20"]
[Board "46"]

1. Nf3 d5 2. e3 Nf6 3. c4 c6 4. Nc3 Nbd7 5. d4 e6 6. Be2 Bd6 7. O-O O-O 8. b3 e5 9. dxe5 Nxe5 10. cxd5 Nxf3+ 11. Bxf3 Be5 12. Bb2 Nxd5 13. Qc2 Nxc3 14. Bxc3 Qf6 15. Bxe5 Qxe5 16. Rad1 Be6 17. Rd4 Rfd8 18. Rfd1 Rxd4 19. Rxd4 g6 20. h3 Qf6 21. Qd1 Kg7 22. a4 a5 23. b4 axb4 24. Rxb4 Rd8 25. Qb1 Ra8 26. Rxb7 Rxa4 27. Qb2 Qxb2 28. Rxb2 c5 29. Be2 c4 1/2-1/2


[Site "https://www.chess.com"]

[Event "Titled Tuesday Blitz July 25 Late 2023"]
[White "Fisher_TheGalactic"]
[Black "Martinez Reyes, Pedro Ramon"]
[BlackFideId "3901807"]
[WhiteElo "2688"]
[BlackElo "2541"]
[Result "1-0"]
[Round "7"]
[TimeControl "180+2"]
[Date "2023.07.25"]
[WhiteClock "0:01:06"]
[BlackClock "0:00:00"]
[Board "47"]

1. Nf3 d5 2. g3 Nc6 3. Bg2 Bg4 4. O-O Qd7 5. d3 Bh3 6. Nbd2 Bxg2 7. Kxg2 h5 8. e4 e6 9. exd5 exd5 10. Re1+ Be7 11. Nf1 h4 12. Bg5 f6 13. Bd2 hxg3 14. fxg3 O-O-O 15. Be3 Qh3+ 16. Kg1 Ne5 17. Nxe5 fxe5 18. Bf2 Nf6 19. Rxe5 Bd6 20. Rg5 Rdf8 21. Qf3 Ne4 22. Qxf8+ Rxf8 23. dxe4 dxe4 24. Re1 Qe6 25. Ra5 Bb4 26. Rxa7 Bxe1 27. Ra8+ 1-0


[Site "https://www.chess.com"]

[Event "Titled Tuesday Blitz July 25 Late 2023"]
[White "Gulamali, Kazim"]
[Black "Goltsev, Dmitry"]
[WhiteFideId "2024764"]
[BlackFideId "24176710"]
[WhiteElo "2520"]
[BlackElo "2683"]
[Result "1-0"]
[Round "7"]
[TimeControl "180+2"]
[Date "2023.07.25"]
[WhiteClock "0:00:04"]
[BlackClock "0:00:03"]
[Board "48"]

1. e4 e6 2. d4 d5 3. Nc3 c5 4. exd5 exd5 5. Nf3 Nf6 6. Bb5+ Nc6 7. Qe2+ Be7 8. dxc5 O-O 9. Be3 Bg4 10. O-O-O Qa5 11. a3 d4 12. Bxd4 Nxd4 13. Rxd4 Bxc5 14. Ra4 Qb6 15. Bd3 Bxf2 16. Ne4 Be3+ 17. Kb1 Nd5 18. Re1 Rfe8 19. Bb5 Re7 20. Qd3 Rd8 21. Neg5 Nf6 22. Qf1 h6 23. Nh3 Ne4 24. Rxe4 Rxe4 25. Bd3 Re6 26. Bc4 Re7 27. Nf4 Bxf3 28. Qxf3 Bd4 29. Ka2 Rxe1 30. Bxf7+ Kxf7 31. Nd5+ Qf6 32. Nxf6 Bxf6 33. Qxb7+ Re7 34. Qb3+ Re6 35. c3 Rd7 36. Qc4 Ke7 37. a4 Rb6 38. a5 Rbd6 39. b4 Kd8 40. Kb3 Rc7 41. Qg8+ Kd7 42. c4 Rd3+ 43. Ka4 Rd6 44. c5 Re6 45. Kb5 Re7 46. a6 Re5 47. Kc4 Rc6 48. Qf7+ Re7 49. Qd5+ Kc7 50. b5 Rce6 51. b6+ axb6 52. a7 Re4+ 53. Kb5 Re8 54. Qc6+ Kd8 55. a8=Q+ Ke7 56. Qaxe8# 1-0


[Site "https://www.chess.com"]